 Dungeon Crawl Stone Soup version 0.31.0-1-g2c135a0 (webtiles) character file.

Game seed: 16027859662075916888

385 jagoly the Conjurer (level 6, -1/42 HPs)
             Began as an Octopode Conjurer on Jan 25, 2024.
             Was an Initiate of Gozag.
             Slain by a centaur (4 damage)
             ... on level 5 of the Dungeon.
             The game lasted 00:13:39 (1361 turns).

jagoly the Conjurer (Octopode Conjurer)             Turns: 1361, Time: 00:13:39

Health: -1/42      AC:  1    Str:  6    XL:     6   Next: 77%
Magic:  12/12      EV: 13    Int: 22    God:    Gozag
Gold:   262        SH:  0    Dex: 11    Spells: 6/13 levels left

rFire   . . .        i - +2 dagger (speed)
rCold   . . .        (no shield)
rNeg    + . .        (helmet restricted)
rPois   .            (no amulet)
rElec   .            t - ring of positive energy
rCorr   .            (no ring)
SInv    .            (no ring)
Will    .....        (no ring)
Stlth   +++          (no ring)
HPRegen 0.27/turn    (no ring)
MPRegen 0.13/turn    (no ring)
                     (no ring)

%: no passive effects
@: no status effects
A: almost no armour, amphibious, 8 rings, camouflage 1, gelatinous body 1,
(nimble swimmer 1), tentacles
a: Renounce Religion, Potion Petition, Call Merchant, Bribe Branch


You were on level 5 of the Dungeon.
You worshipped Gozag.
Gozag was aware of your devotion.
You visited 2 branches of the dungeon, and saw 7 of its levels.

You collected 312 gold pieces.
You paid 50 gold pieces to Gozag.

Inventory:

Hand Weapons
 e - a +0 long sword
 i - a +2 dagger of speed (weapon)
 k - a +1 whip of venom
 q - a +4 dagger of draining
 s - a +2 vampiric dagger
Missiles
 d - 17 stones
 f - 15 poisoned darts
Armour
 v - a +0 buckler
Jewellery
 t - a ring of positive energy (left tentacle)
Scrolls
 g - a scroll of blinking {unknown}
 h - a scroll of fog {unknown}
 j - 6 scrolls of identify {unknown}
 l - a scroll of teleportation {unknown}
 m - 2 scrolls of poison {unknown}
 n - a scroll of summoning {unknown}
 o - a scroll of vulnerability {unknown}
 r - 3 scrolls of fear {unknown}
Potions
 a - a potion of magic
 b - a potion of curing {unknown}
 c - 2 potions of berserk rage {unknown}
 p - a potion of heal wounds {unknown}
 u - a potion of cancellation {unknown}


   Skills:
 - Level 3.0 Fighting
 - Level 2.0 Dodging
 - Level 3.0 Stealth
 - Level 4.0 Spellcasting
 + Level 5.9 Conjurations


You had 6 spell levels left.
You knew the following spells:

 Your Spells              Type           Power      Damage    Failure   Level
a - Magic Dart            Conj           100%       1d8       1%          1
b - Iskenderun's Mystic   Conj/Tloc      17%        2d5       32%         4
s - Searing Ray           Conj           60%        2d6       1%          2

Your spell library contained the following spells:

 Spells                   Type           Power      Damage    Failure   Level
 Call Canine Familiar     Summ           4%         N/A       32%         3
 Sigil of Binding         Hex            4%         N/A       32%         3
 Fulminant Prism          Conj/Alch      8%         3d7       32%         4
 Dimensional Bullseye     Hex/Tloc       2%         N/A       73%         4


Dungeon Overview and Level Annotations

Branches:
Dungeon (6/15) Zot: 26624  Temple (1/1) D:4 Zot: 5969

Altars:
Dithmenos
Elyvilon
Fedhas
Gozag
Hepliaklqana
Kikubaaqudgha
Makhleb
Nemelex Xobeh
Okawaru
Trog
Uskayaw
Wu Jian
Zin


Innate Abilities, Weirdness & Mutations

You cannot wear most types of armour.
You are amphibious.
You can wear up to eight rings at the same time.
Your skin changes colour to match your surroundings (Stealth+).
Your rubbery body absorbs attacks. (AC +1, EV +1)
((You are camouflaged when in or above water. (Stealth+)))
You have tentacles for arms and can constrict up to eight enemies at once.


Message History

Hit: i) +2 dagger (speed)
Press: ? - help, Dir - move target, f/p - phantom
Aim: a phantom (severely damaged, about 46% to evade your +2 dagger of speed)
You closely miss the phantom.
The phantom is severely damaged.
Hit: i) +2 dagger (speed)
Press: ? - help, Dir - move target, f/p - phantom
Aim: a phantom (severely damaged, about 46% to evade your +2 dagger of speed)
You hit the phantom.
The phantom is almost destroyed.
The phantom completely misses you.
Hit: i) +2 dagger (speed)
Press: ? - help, Dir - move target, f/p - phantom
Aim: a phantom (almost destroyed, about 46% to evade your +2 dagger of speed)
You barely miss the phantom.
The phantom is almost destroyed.
The phantom closely misses you.
Hit: i) +2 dagger (speed)
Press: ? - help, Dir - move target, f/p - phantom
Aim: a phantom (almost destroyed, about 46% to evade your +2 dagger of speed)
You hit the phantom but do no damage. Your squeeze misses the phantom.
The phantom is almost destroyed.
Hit: i) +2 dagger (speed)
Press: ? - help, Dir - move target, f/p - phantom
Aim: a phantom (almost destroyed, about 46% to evade your +2 dagger of speed)
You hit the phantom.
The phantom is almost destroyed.
The phantom closely misses you.
Hit: i) +2 dagger (speed)
Press: ? - help, Dir - move target, f/p - phantom
Aim: a phantom (almost destroyed, about 46% to evade your +2 dagger of speed)
You hit the phantom but do no damage.
The phantom is almost destroyed.
The phantom hits you.
* * * LOW HITPOINT WARNING * * *
Hit: i) +2 dagger (speed)
Press: ? - help, Dir - move target, f/p - phantom
Aim: a phantom (almost destroyed, about 46% to evade your +2 dagger of speed)
You miss the phantom.
The phantom is almost destroyed.
Hit: i) +2 dagger (speed)
Press: ? - help, Dir - move target, f/p - phantom
Aim: a phantom (almost destroyed, about 46% to evade your +2 dagger of speed)
You closely miss the phantom.
The phantom is almost destroyed.
The phantom hits you.
* * * LOW HITPOINT WARNING * * *
The phantom blinks!
You blink.
Hit: i) +2 dagger (speed)
Press: ? - help, Dir - move target, f/p - phantom
Aim: a phantom (almost destroyed, about 46% to evade your +2 dagger of speed)
You completely miss the phantom. You squeeze the phantom.
The phantom is almost destroyed.
The phantom misses you.
Hit: i) +2 dagger (speed)
Press: ? - help, Dir - move target, f/p - phantom
Aim: a phantom (almost destroyed, about 46% to evade your +2 dagger of speed)
You hit the phantom.
You destroy the phantom!
Your Spellcasting skill increases to level 3!
You have reached level 5!
You feel agile.
You see here 6 gold pieces.
You now have 108 gold pieces (gained 6).
There is a stone staircase leading up here.
An adder comes into view.
You are too injured to fight recklessly!
Aiming: Magic Dart (safe; 1% risk of failure)
Press: ? - help, Q - select action, (/) - cycle Shift-Dir - straight line, f - adder
Aim: an adder (asleep, 100% to hit)
Okay, then.
Throw: 20 stones
Press: ? - help, Shift-Dir - straight line, f - adder
Aim: an adder (asleep, 98% to hit)
You throw a stone.
The stone hits the adder but does no damage.
Throw: 19 stones
Press: ? - help, Shift-Dir - straight line, f/p - adder
Aim: an adder (29% to hit)
You throw a stone.
The stone hits the adder but does no damage.
Throw: 18 stones
Press: ? - help, Shift-Dir - straight line, f/p - adder
Aim: an adder (29% to hit)
You throw a stone. The stone closely misses the adder.
Cast which spell? (? or * to list)
Aiming: Searing Ray (safe; 2% risk of failure)
Press: ? - help, Shift-Dir - straight line, f/p - adder
Aim: an adder (66% to hit)
The searing ray hits the adder!
The adder is severely wounded. (Press . to maintain the ray.)
The searing ray hits the adder.
You kill the adder!
Unknown command.
You now have 117 gold pieces (gained 9).
Found a runed dagger.
You see here a +2 vampiric dagger.
s - a +2 vampiric dagger
Found a stone staircase leading down.
There is a stone staircase leading down here.
You climb downwards.
The bullfrog gives a loud, deep croak!
There is a stone staircase leading up here.
Cast which spell? (? or * to list)
Aiming: Searing Ray (safe; 2% risk of failure)
Press: ? - help, Shift-Dir - straight line, f - bullfrog
Aim: a bullfrog (74% to hit)
The searing ray hits the bullfrog!
The bullfrog is heavily wounded. (Press . to maintain the ray.)
The searing ray hits the bullfrog.
The bullfrog is severely wounded.
The bullfrog hits you.
The searing ray hits the bullfrog.
The bullfrog is almost dead.
The bullfrog hits you!
* * * LOW HITPOINT WARNING * * *
The searing ray hits the bullfrog.
The bullfrog is almost dead.
You finish channelling your searing ray.
The bullfrog closely misses you. x2
Hit: i) +2 dagger (speed)
Press: ? - help, Dir - move target, f/p - bullfrog
Aim: a bullfrog (almost dead, about 42% to evade your +2 dagger of speed)
You completely miss the bullfrog. You grab the bullfrog.
The bullfrog is almost dead.
You constrict the bullfrog.
You kill the bullfrog!
Training target 3.0 for Fighting reached!
Your Fighting skill increases to level 3!
Your Conjurations skill increases to level 5!
You have reached level 6!
You now have 126 gold pieces (gained 9).
There is a stone staircase leading up, spattered with blood here.
There is a stone staircase leading up, spattered with blood here.
You climb upwards.
There is a stone staircase leading down here.
Found a stone staircase leading up.
There is a stone staircase leading up here.
Found a scroll labelled KUISAI IQEYMN.
Found 12 gold pieces.
j - 6 scrolls labelled KUISAI IQEYMN (gained 1)
You now have 138 gold pieces (gained 12).
Found a pearl ring.
t - a ring of positive energy
t - a ring of positive energy (left tentacle)
An orc comes into view. It is wielding a +0 short sword.
Cast which spell? (? or * to list)
Aiming: Magic Dart (safe; 1% risk of failure)
Press: ? - help, Shift-Dir - straight line, f - orc
Aim: an orc, wielding a +0 short sword (asleep, 100% to hit)
The magic dart hits the orc.
The orc is moderately wounded.
The orc shouts!
An orc comes into view. It is wielding a +0 trident.
Unknown command.
Cast which spell? (? or * to list)
Aiming: Searing Ray (safe; 2% risk of failure)
Press: ? - help, Shift-Dir - straight line, f/p - orc
Aim: an orc, wielding a +0 short sword (moderately wounded, 79% to hit)
The searing ray hits the orc.
You kill the orc! (Press . to maintain the ray.)
An orc comes into view. It is wielding a +0 hand axe.
An orc comes into view. It is wielding a +0 club.
The orc shouts!
Things that are here:
5 gold pieces; a +0 short sword You now have 143 gold pieces (gained 5).
Cast which spell? (? or * to list)
Aiming: Searing Ray (safe; 2% risk of failure)
Press: ? - help, Shift-Dir - straight line, f - orc
Aim: an orc, wielding a +0 hand axe and wearing a +0 leather armour (wandering, hasn't noticed you, 79% to hit)
The searing ray hits the orc!
You kill the orc! (Press . to maintain the ray.)
The searing ray hits the orc but does no damage.
The searing ray hits the orc.
The orc is severely wounded.
The searing ray misses the orc.
The orc hits you from afar with a +0 trident!
The searing ray hits the orc.
You kill the orc!
The searing ray hits the orc.
The orc is heavily wounded.
You finish channelling your searing ray.
Cast which spell? (? or * to list)
Aiming: Magic Dart (safe; 1% risk of failure)
Press: ? - help, Shift-Dir - straight line, f - orc
Aim: an orc, wielding a +0 club (heavily wounded, 100% to hit)
The magic dart hits the orc.
The orc is heavily wounded.
You closely miss the orc. Your grab misses the orc.
The orc is heavily wounded.
Hit: i) +2 dagger (speed)
Press: ? - help, Dir - move target, f/p - orc
Aim: an orc, wielding a +0 club (heavily wounded, about 36% to evade your +2 dagger of speed)
You hit the orc.
You kill the orc!
You now have 147 gold pieces (gained 4).
You see here a +0 club.
You now have 153 gold pieces (gained 6).
Things that are here:
a +0 trident; a +0 scale mail You now have 177 gold pieces (gained 24).
Things that are here:
a +0 hand axe; a +0 leather armour An iguana comes into view.
Cast which spell? (? or * to list)
Aiming: Searing Ray (safe; 1% risk of failure)
Press: ? - help, Shift-Dir - straight line, f - iguana
Aim: an iguana (82% to hit)
The searing ray misses the iguana. (Press . to maintain the ray.)
The searing ray hits the iguana.
The iguana is lightly wounded.
The iguana closely misses you.
The searing ray hits the iguana!
The iguana is almost dead.
The iguana barely misses you.
The searing ray hits the iguana.
You kill the iguana!
* * * LOW MAGIC WARNING * * *
You finish channelling your searing ray.
You now have 184 gold pieces (gained 7).
Found a glowing red potion and 5 gold pieces. 2 goblins come into view.
The goblin shouts!
Cast which spell? (? or * to list)
Okay, then.
The goblin shouts!
You hear a bark!
You see here 5 gold pieces.
You now have 189 gold pieces (gained 5).
A hound comes into view.
You see here a glowing red potion.
u - a glowing red potion Cast which spell? (? or * to list)
Aiming: Searing Ray (safe; 1% risk of failure)
Press: ? - help, Shift-Dir - straight line, f - hound
Aim: a hound (71% to hit)
Okay, then.
Hit: i) +2 dagger (speed)
Press: ? - help, Dir - move target, f - hound
Aim: a hound (about 46% to evade your +2 dagger of speed)
You closely miss the hound. Your grab misses the hound. The hound bites you.
Hit: i) +2 dagger (speed)
Press: ? - help, Dir - move target, f/p - hound
Aim: a hound (about 46% to evade your +2 dagger of speed)
You closely miss the hound. You grab the hound. You squeeze the hound!
The hound is heavily wounded.
You constrict the hound, but do no damage.
The hound barely misses you.
You hit the hound. Your squeeze misses the hound.
The hound is heavily wounded.
You constrict the hound, but do no damage.
The hound closely misses you.
You barely miss the hound.
The hound is heavily wounded.
You constrict the hound. The hound bites you.
You hit the hound.
You squeeze the hound, but do no damage.
The hound is severely wounded.
You constrict the hound, but do no damage.
The hound bites you.
You hit the hound.
The hound is severely wounded.
You constrict the hound, but do no damage.
The hound bites you.
You hit the hound but do no damage. You squeeze the hound.
You kill the hound!
You now have 195 gold pieces (gained 6).
Found an iron altar of Okawaru.
The goblin is distracted by your dazzling golden aura.
The goblin hits you from afar with a +0 spear.
You enter the deep water.
The goblin hits you with a +0 spear.
The goblin shouts!
You hit the goblin. You grab the goblin.
You squeeze the goblin, but do no damage.
The goblin is severely wounded.
You constrict the goblin.
You kill the goblin!
Things that are here:
9 gold pieces; a +0 spear You now have 204 gold pieces (gained 9).
The goblin is no longer distracted by gold.
You enter the deep water.
The goblin barely misses you.
You enter the deep water.
The goblin hits you with a +0 spear.
You hit the goblin.
You kill the goblin!
You now have 210 gold pieces (gained 6).
You see here a +0 spear.
You enter the deep water.
Magic restored.
Magic restored.
Found a leather armour.
HP restored.
A gnoll comes into view. It is wielding a +0 whip.
A gnoll comes into view. It is wielding a +0 club.
The gnoll shouts!
You hear a shout!
The gnoll shouts!
You hear a shout!
A gnoll sergeant comes into view. It is wielding a +0 trident.
The gnoll attacks as it pursues you! The gnoll hits you with a +0 whip!
You hit the gnoll. Your grab misses the gnoll.
The gnoll is moderately wounded.
You hit the gnoll. Your grab misses the gnoll.
The gnoll is severely wounded.
The gnoll closely misses you.
You hit the gnoll. You grab the gnoll. You squeeze the gnoll.
The gnoll is almost dead.
You constrict the gnoll, but do no damage.
The gnoll misses you.
You hit the gnoll but do no damage. You squeeze the gnoll.
You kill the gnoll!
Throw: 15 darts (poison)
Press: ? - help, Shift-Dir - straight line, f - gnoll
Aim: a gnoll, wielding a +0 club (56% to hit)
You throw a poisoned dart.
The poisoned dart barely misses the gnoll sergeant.
The poisoned dart hits the gnoll.
Throw: 14 darts (poison)
Press: ? - help, Shift-Dir - straight line, f/p - gnoll
Aim: a gnoll, wielding a +0 club (56% to hit)
You throw a poisoned dart.
The gnoll sergeant blocks the poisoned dart.
Throw: 13 darts (poison)
Press: ? - help, Shift-Dir - straight line, f/p - gnoll
Aim: a gnoll, wielding a +0 club (56% to hit)
You throw a poisoned dart.
The poisoned dart hits the gnoll sergeant.
The gnoll sergeant is poisoned.
The gnoll sergeant hits you from afar with a +0 trident!!
* * * LOW HITPOINT WARNING * * *
Unknown command.
Okay, then.
You aren't carrying any items that you can evoke.
Aiming: Magic Dart (safe; 1% risk of failure)
Press: ? - help, Q - select action, (/) - cycle Shift-Dir - straight line, f/p - gnoll
Aim: a gnoll, wielding a +0 club (100% to hit)
Okay, then.
Unknown command.
Cast which spell? (? or * to list)
You don't know that spell.
Unknown command.
Cast which spell? (? or * to list)
You don't know that spell.
Unknown command.
Cast which spell? (? or * to list)
Aiming: Searing Ray (safe; 1% risk of failure)
Press: ? - help, Shift-Dir - straight line, f/p - gnoll
Aim: a gnoll, wielding a +0 club (82% to hit)
The searing ray hits the gnoll sergeant but does no damage.
The gnoll sergeant is lightly wounded.
The searing ray hits the gnoll!
The gnoll is almost dead. (Press . to maintain the ray.)
The gnoll sergeant hits you from afar with a +0 trident.
* * * LOW HITPOINT WARNING * * *
The searing ray hits the gnoll sergeant!
The gnoll sergeant is moderately wounded.
The searing ray hits the gnoll!
You kill the gnoll!
The gnoll sergeant completely misses you.
The searing ray hits the gnoll sergeant.
The gnoll sergeant is moderately wounded.
The gnoll sergeant hits you from afar with a +0 trident!
* * * LOW HITPOINT WARNING * * *
Cast which spell? (? or * to list)
You erupt in a blast of force!
The mystic blast hits the gnoll sergeant.
The gnoll sergeant is heavily wounded.
The gnoll sergeant is knocked back by the mystic blast.
The gnoll sergeant looks more healthy.
Throw: 12 darts (poison)
Press: ? - help, Shift-Dir - straight line, f - gnoll sergeant
Aim: a gnoll sergeant, wielding a +0 trident, wearing a +0 scale mail and wearing a +0 buckler (severely wounded, 61% to hit)
You throw a poisoned dart.
The poisoned dart closely misses the gnoll sergeant.
Throw: 11 darts (poison)
Press: ? - help, Shift-Dir - straight line, f/p - gnoll sergeant
Aim: a gnoll sergeant, wielding a +0 trident, wearing a +0 scale mail and wearing a +0 buckler (severely wounded, 61% to hit)
You throw a poisoned dart.
The poisoned dart hits the gnoll sergeant.
The gnoll sergeant is severely wounded.
Cast which spell? (? or * to list)
You don't know that spell.
Cast which spell? (? or * to list)
You erupt in a blast of force!
The mystic blast hits the gnoll sergeant!
The gnoll sergeant is almost dead.
The gnoll sergeant is knocked back by the mystic blast.
Throw: 10 darts (poison)
Press: ? - help, Shift-Dir - straight line, f/p - gnoll sergeant
Aim: a gnoll sergeant, wielding a +0 trident, wearing a +0 scale mail and wearing a +0 buckler (almost dead, 61% to hit)
You throw a poisoned dart.
The poisoned dart hits the gnoll sergeant.
The gnoll sergeant is almost dead.
Throw: 9 darts (poison)
Press: ? - help, Shift-Dir - straight line, f/p - gnoll sergeant
Aim: a gnoll sergeant, wielding a +0 trident, wearing a +0 scale mail and wearing a +0 buckler (almost dead, 61% to hit)
You throw a poisoned dart.
The poisoned dart hits the gnoll sergeant.
The gnoll sergeant is poisoned.
The gnoll sergeant is almost dead.
Cast which spell? (? or * to list)
You don't have enough magic to cast this spell.
Unknown command.
You aren't carrying any items that you can evoke.
Unknown command.
Cast which spell? (? or * to list)
Aiming: Searing Ray (safe; 1% risk of failure)
Press: ? - help, Shift-Dir - straight line, f/p - gnoll sergeant
Aim: a gnoll sergeant, wielding a +0 trident, wearing a +0 scale mail and wearing a +0 buckler (almost dead, poisoned, 85% to hit)
The searing ray hits the gnoll sergeant but does no damage.
The gnoll sergeant is almost dead. (Press . to maintain the ray.)
* * * LOW MAGIC WARNING * * *
The gnoll sergeant closely misses you.
You kill the gnoll sergeant!
Training target 4.0 for Spellcasting reached!
Your Spellcasting skill increases to level 4!
You now have 213 gold pieces (gained 3).
Things that are here:
a +0 trident; a +0 scale mail; a +0 buckler
v - a +0 buckler
f - 10 poisoned darts (gained 2)
f - 12 poisoned darts (gained 2)
A gnoll comes into view. It is wielding a +0 flail.
A gnoll is nearby!
Throw: 12 darts (poison)
Press: ? - help, Shift-Dir - straight line, f - gnoll
Aim: a gnoll, wielding a +0 flail (56% to hit)
You throw a poisoned dart. The poisoned dart hits the gnoll.
Throw: 11 darts (poison)
Press: ? - help, Shift-Dir - straight line, f/p - gnoll
Aim: a gnoll, wielding a +0 flail (56% to hit)
You throw a poisoned dart. The poisoned dart hits the gnoll.
The gnoll is poisoned.
Hit: i) +2 dagger (speed)
Press: ? - help, Dir - move target, f/p - gnoll
Aim: a gnoll, wielding a +0 flail (moderately wounded, poisoned, about 32% to evade your +2 dagger of speed)
You barely miss the gnoll. Your grab misses the gnoll.
You tentacle-slap the gnoll.
The gnoll is moderately wounded.
The gnoll completely misses you.
Hit: i) +2 dagger (speed)
Press: ? - help, Dir - move target, f/p - gnoll
Aim: a gnoll, wielding a +0 flail (heavily wounded, poisoned, about 32% to evade your +2 dagger of speed)
You barely miss the gnoll. You grab the gnoll. You squeeze the gnoll.
The gnoll is almost dead.
You constrict the gnoll.
You kill the gnoll!
You now have 234 gold pieces (gained 21).
You see here a +0 flail.
f - 11 poisoned darts (gained 1)
f - 12 poisoned darts (gained 1)
You now have 240 gold pieces (gained 6).
You see here a +0 whip.
f - 13 poisoned darts (gained 1)
You now have 248 gold pieces (gained 8).
f - 14 poisoned darts (gained 1)
You see here a +0 club.
f - 15 poisoned darts (gained 1)
A ribbon worm comes into view.
You hit the ribbon worm. Your grab misses the ribbon worm.
You squeeze the ribbon worm.
The ribbon worm is heavily wounded.
You hit the ribbon worm. You grab the ribbon worm. You squeeze the ribbon worm.
The ribbon worm is almost dead.
You constrict the ribbon worm, but do no damage.
The ribbon worm expels a string of sticky webbing.
The stream of webbing hits you but does no damage.
You are caught in a web!
The web tears apart.
You constrict the ribbon worm. You hit the ribbon worm.
You kill the ribbon worm!
Found 8 gold pieces.
You now have 254 gold pieces (gained 6).
HP restored.
You now have 262 gold pieces (gained 8).
HP restored.
A centaur comes into view.
The centaur wields a +1 heavy orcbow.
The centaur shoots an arrow.
The arrow hits you!!
Ouch! That really hurt!
* * * LOW HITPOINT WARNING * * *
The centaur shoots an arrow.
The arrow hits you!
* * * LOW HITPOINT WARNING * * *
The centaur unwields a +1 heavy orcbow.
The centaur closely misses you. The centaur kicks you.
* * * LOW HITPOINT WARNING * * *
You aren't carrying any items that you can evoke.
Hit: i) +2 dagger (speed)
Press: ? - help, Dir - move target, f - centaur
Aim: a centaur (about 26% to evade your +2 dagger of speed)
You hit the centaur.
The centaur is moderately wounded.
The centaur hits you.
You die...
Your body crumbles into a pile of gold.

#.##......#
#.###...J... #..
.^##..#.# #####.#
..#.# ##.##.....
#........#
#......... #.##
#.c....# #. #...
#.@# #..##.#[ #..#
#..##... #..#
##..##.# #..# ...
..# #..# #.# #.#
#..# #.###.##
#..#########.......
#............######
#.##########.#


You could see a centaur.

Vanquished Creatures
  A phantom (D:5)
  A bullfrog (D:6)
  A gnoll sergeant (D:5)
  A hound (D:5)
  A jelly (D:4)
  An iguana (D:5)
  3 gnolls (D:5)
  2 adders (D:5)
  2 ribbon worms
  A dart slug (D:1)
  5 orcs
  4 ball pythons
  3 endoplasms
  3 giant cockroaches
  7 goblins
  2 hobgoblins
  2 jackals (D:1)
  4 kobolds
  3 quokkas (D:2)
  3 frilled lizards
  A rat (D:1)
51 creatures vanquished.

Notes
Turn   | Place    | Note
-------+----------+-------------------------------------------
     0 | D:1      | jagoly the Octopode Conjurer began the quest for the Orb.
     0 | D:1      | Reached XP level 1. HP: 11/11 MP: 3/3
   157 | D:1      | Reached XP level 2. HP: 15/18 MP: 1/5
   258 | D:2      | Learned a level 2 spell: Searing Ray
   261 | D:2      | Identified the scarf "Diotinn" {+Inv, Fly rPois}
   280 | D:2      | Reached skill level 1 in Fighting
   384 | D:2      | Reached XP level 3. HP: 22/23 MP: 3/6
   686 | D:4      | Found a staircase to the Ecumenical Temple.
   703 | Temple   | Entered the Ecumenical Temple
   718 | Temple   | Became a worshipper of Gozag Ym Sagoz the Greedy
   771 | D:4      | Reached XP level 4. HP: 29/29 MP: 1/8
   811 | D:4      | Found an ornate altar of the Wu Jian Council.
   820 | D:5      | Entered Level 5 of the Dungeon
   866 | D:5      | Noticed a phantom
   873 | D:5      | Learned a level 4 spell: Iskenderun's Mystic Blast
   896 | D:5      | Killed a phantom
   897 | D:5      | Reached XP level 5. HP: 4/35 MP: 1/9
   985 | D:6      | Reached skill level 5 in Conjurations
   985 | D:6      | Reached XP level 6. HP: 13/42 MP: 3/11
  1120 | D:5      | Found an iron altar of Okawaru.
  1361 | D:5      | Slain by a centaur

Illustrated notes

Levels and vault maps discovered:
D:1:      minmay_arrival_split_and_join, layout_basic, chequers_mini_garden,
          chequers_serial_rivers_micro_e
D:2:      minmay_diamond_boxcup, layout_basic
D:3:      layout_rooms, serial_shops, nicolae_shop_peninsula, nicolae_wormholes
D:4:      layout_basic, mainiacjoe_overflow_tiny_flanked,
          minmay_temple_entry_crystal_x
D:5:      layout_loops_ring, kennysheep_okawaru_gauntlet,
          nicolae_underground_beach
D:6:      layout_loops_cross, amethyst_overflow_temple_binary
Temple:   hellmonk_temple_of_storms

Skill      XL: |  1  2  3  4  5  6 |
---------------+-------------------+-----
Stealth        | 3 |  3.0
Fighting       | 1 2 3 |  3.0
Spellcasting   | 3 4 |  4.0
Conjurations   | 5 |  5.9
Dodging        | |  2.0

Action                     |  1- 3 |  4- 6 || total
---------------------------+-------+-------++-------
  Melee: Unarmed           |    13 |       ||    13
         Tentacles         |    12 |    10 ||    22
         Constrict         |    10 |     6 ||    16
         Long sword        |    17 |       ||    17
         Dagger            |     5 |    33 ||    38
         Whip              |     1 |       ||     1
         Punch             |       |     1 ||     1
  Throw: Dart              |     1 |     9 ||    10
         Stone             |       |     3 ||     3
   Cast: Magic Dart        |    28 |     5 ||    33
         Searing Ray       |     5 |     9 ||    14
         Iskenderun's Myst |       |     2 ||     2
   Stab: Sleeping          |     3 |       ||     3
 Armour: Skin              |    21 |    24 ||    45
  Dodge: Dodged            |    25 |    19 ||    44
